 Dungeon Crawl Stone Soup version 0.19.0-16-g73b5abf (webtiles) character file.

1833 esc the Skirmisher (level 8, 0/73 HPs)
             Began as a Minotaur Chaos Knight on Nov 10, 2016.
             Slain by an orc warrior
             ... wielding a +0 long sword
              (15 damage)
             ... on level 6 of the Dungeon.
             The game lasted 00:13:46 (4280 turns).

esc the Skirmisher (Minotaur Chaos Knight)          Turns: 4280, Time: 00:13:47

Health: 0/73       AC:  8    Str: 17    XL:     8   Next: 86%
Magic:  7/7        EV: 14    Int:  9    God:    Xom [*.....]
Gold:   379        SH:  0    Dex: 12    Spells: 1 memorised, 5 levels left

rFire  . . .     SeeInvis .     f - +3 executioner's axe (chop)
rCold  + . .     Gourm    .     b - +2 leather armour
rNeg   . . .     Faith    .     (shield currently unavailable)
rPois  +         Spirit   .     (helmet restricted)
rElec  .         Reflect  .     v - +0 cloak (curse)
rCorr  .         Harm     +     (no gloves)
MR     +....                    (no boots)
Stlth  +.........               o - amulet of harm
                                (no ring)
                                C - ring of protection from cold {rC+, !d}

@: repel missiles
A: retaliatory headbutt, hooves 1, horns 2, magic resistance 1, poison
resistance, shaggy fur 1
a: Renounce Religion


You were on level 6 of the Dungeon.
You worshipped Xom.
You were a special plaything of Xom.
You were not hungry.

You visited 1 branch of the dungeon, and saw 6 of its levels.

You collected 379 gold pieces.

Inventory:

Hand Weapons
 a - a +0 falchion of chaos
 f - a +3 executioner's axe of chopping (weapon)
   (Xom gifted it to you on level 5 of the Dungeon)
 s - a +0 great sword
   (You found it on level 4 of the Dungeon)
Armour
 b - a +2 leather armour (worn)
 v - a cursed +0 cloak (worn)
   (You took it off Crazy Yiuf on level 5 of the Dungeon)
Jewellery
 o - an amulet of harm (around neck)
   (You found it on level 4 of the Dungeon)
 C - a ring of protection from cold (left hand) {rC+, !d}
   (You found it on level 6 of the Dungeon)
Wands
 r - a wand of disintegration (0/24)
   (You found it on level 5 of the Dungeon)
 w - a wand of random effects (21/48)
   (You took it off Crazy Yiuf on level 5 of the Dungeon)
 B - a wand of flame (28/48)
   (You found it on level 6 of the Dungeon)
Scrolls
 e - 2 scrolls of identify {unknown}
 h - 3 scrolls of remove curse {unknown}
 j - 2 scrolls of blinking {unknown}
 l - 3 scrolls of fog {unknown}
 m - 6 scrolls of teleportation {unknown}
 n - a scroll of random uselessness {unknown}
 p - a scroll of enchant weapon {unknown}
 t - a scroll of immolation {unknown}
 u - a scroll of recharging {unknown}
Potions
 q - 2 potions of curing
 x - a potion of cancellation {unknown}
 A - a potion of magic {unknown}
Books
 y - a book of Air
   (You found it on level 6 of the Dungeon)
Comestibles
 c - 5 bread rations {@e1}
 d - a meat ration {@e2}
 g - 6 fruits
 i - a beef jerky
 k - 2 slices of pizza
 z - 4 chunks of flesh {@w0}


   Skills:
 - Level 7.5 Fighting
 - Level 7.1 Long Blades
 + Level 3.4 Axes
 - Level 7.3 Armour
 - Level 6.1 Dodging


You had 5 spell levels left.
You knew the following spells:

 Your Spells              Type           Power        Failure   Level  Hunger
d - Repel Missiles        Chrm/Air       #.....       73%         2    ###....


Dungeon Overview and Level Annotations

Branches:
Dungeon (6/15)             Temple (0/1) D:6

Altars:


Innate Abilities, Weirdness & Mutations

You reflexively headbutt those who attack you in melee.
You have a pair of horns on your head.
You have large cloven feet.
You are resistant to hostile enchantments. (MR+)
Your system is resistant to poisons. (rPois)
You are covered in fur. (AC +1)


Message History

No target in view!
Items here: )) [ † a whip; a leather armour; a falchion of protection; an orc corpse You butcher the orc corpse.
z - a chunk of flesh {@w0}
Things that are here:
a whip; a leather armour; a falchion of protection
Items here: )) [[ † a trident; a leather armour; a whip; a leather armour; an orc corpse You butcher the orc corpse.
z - 3 chunks of flesh {@w0} (gained 2)
Items here: )) [[ a trident; a leather armour; a whip; a leather armour Eating one of 3 chunks of flesh {@w0}.
You start eating one of the 3 chunks of flesh {@w0}.
Things that are here:
a whip; a leather armour; a falchion of protection
Found a stone staircase leading up.
You regained 6 hp, and now have 55/73 hp.
You see here 10 arrows.
There is a stone staircase leading down here.
Things that are here:
a whip; a leather armour; a falchion of protection You see here a ring mail.
An orc comes into view. It is wielding a club.
You regained 12 hp, and now have 67/73 hp.
The orc closely misses you.
You barely miss the orc. Your headbutt misses the orc. The orc misses you.
The orc closely misses you.
You hit the orc. The orc barely misses you. The orc closely misses you.
You slash the orc!
You kill the orc!
No target in view!
Things that are here:
a club; an orc corpse You butcher the orc corpse.
z - 6 chunks of flesh {@w0} (gained 4)
Things that are here:
a club; an orc skeleton
Found a stone staircase leading down.
Found a stone staircase leading up.
You now have 368 gold pieces (gained 22).
m - 6 scrolls labeled FIMOEBUTEF (gained 1)
You now have 379 gold pieces (gained 11).
Some of the chunks of flesh in your inventory have rotted away.
You enter a teleport trap!
The teleport trap disappears.
Your surroundings suddenly seem different.
Health restored: 73 Unknown command.
Unknown command.
Unknown command.
Some of the chunks of flesh in your inventory have rotted away.
An orc warrior comes into view. It is wielding a long sword.
The orc warrior shouts!
You hit the orc warrior. Your kick misses the orc warrior.
The orc warrior closely misses you.
The orc warrior hits you with a long sword!
You take 12 damage, and have 61/73 hp.
You slash the orc warrior! You headbutt the orc warrior!
The orc warrior hits you with a long sword!
You take 15 damage, and have 46/73 hp.
MASSIVE DAMAGE!!
You hit the orc warrior but do no damage.
The orc warrior hits you with a long sword!!
* * * LOW HITPOINT WARNING * * *
The orc warrior hits you with a long sword!
* * * LOW HITPOINT WARNING * * *
You take 36 damage, and have 10/73 hp.
MASSIVE DAMAGE!!
Okay, then.
Aim: an orc warrior, wielding a long sword and wearing a plate armour (almost dead)
The puff of flame misses the orc warrior.
Evoking this partially-identified wand wasted a few charges.
The orc warrior barely misses you.
Aim: an orc warrior, wielding a long sword and wearing a plate armour (almost dead)
The puff of flame hits the orc warrior.
Evoking this partially-identified wand wasted a few charges.
You see here a ring mail.
Things that are here:
a whip; a leather armour; a falchion of protection
Aim: an orc warrior, wielding a long sword and wearing a plate armour (severely wounded) Xom roars with laughter!
The bolt of fire misses the orc warrior.
Evoking this partially-identified wand wasted a few charges.
The orc warrior barely misses you.
You hit the orc warrior but do no damage.
Your kick misses the orc warrior. The orc warrior closely misses you.
You barely miss the orc warrior. Your kick misses the orc warrior.
You headbutt the orc warrior. The orc warrior barely misses you.
The orc warrior hits you but does no damage.
You hit the orc warrior but do no damage.
The orc warrior hits you with a long sword.
* * * LOW HITPOINT WARNING * * *
You take 2 damage, and have 15/73 hp.
You closely miss the orc warrior.
You headbutt the orc warrior, but do no damage.
The orc warrior barely misses you.
The orc warrior hits you with a long sword!
You die...

#.####.#. #.....<#. #######
########### ##########. ...>..#
#.........# #.......... ......#
#.#######.####.#########
......# #.### #.....##.#
......# #...# #.##..##.#
......####.#####.##..##.#
.............[.o@.>.....#
......#.##.###)###..#####
......#......#.###..###
......#..#...#........#
......#..#.######...#.#
......#..#......#...#.#######
......#.##.##...#...........#
#######.##.##.###.#..######.###
##### #....##.# #.#...#.......#


You could see an orc warrior.

Vanquished Creatures
  Grinder (D:3)
  Sigmund (D:4)
  Duvessa (D:5)
  An ice beast (D:4)
  An orc warrior (D:4)
  A sky beast (D:4)
  A phantom (D:6)
  A bullfrog (D:6)
  Dowan (D:5)
  A water moccasin skeleton (D:4)
  A scorpion (D:4)
  A howler monkey (D:4)
  2 crimson imps (D:6)
  A jelly (D:5)
  A bullfrog skeleton (D:4)
  5 hounds
  Crazy Yiuf (D:5)
  An orc priest (D:6)
  3 orc wizards
  A worker ant (D:4)
  A hound skeleton (D:4)
  Robin (D:2)
  9 adders
  2 oozes (D:4)
  An adder skeleton (D:5)
  An adder zombie (D:5)
  4 worms
  6 leopard geckos
  14 orcs
  7 giant cockroaches
  11 goblins
  8 hobgoblins
  15 jackals
  2 ball pythons
  10 bats
  5 frilled lizards
  8 kobolds
  A quokka zombie (D:5)
  7 rats
140 creatures vanquished.

Vanquished Creatures (collateral kills)
  An ogre (D:4)
  An orc priest (D:3)
  An adder skeleton (D:4)
  A worm (D:3)
  2 orcs (D:3)
  A goblin (D:3)
7 creatures vanquished.

Grand Total: 147 creatures vanquished

Notes
Turn   | Place    | Note
-------+----------+-------------------------------------------
     0 | D:1      | esc the Minotaur Chaos Knight began the quest for the Orb.
     0 | D:1      | Reached XP level 1. HP: 19/19 MP: 0/0
   226 | D:1      | XOM: harmless Air miscast
   297 | D:1      | XOM: medium Divn miscast
   360 | D:1      | Reached XP level 2. HP: 26/27 MP: 1/1
   499 | D:1      | Reached skill level 3 in Armour
   852 | D:1      | Noticed an ogre
   853 | D:1      | Noticed an ogre
   853 | D:1      | Noticed an ogre
   857 | D:1      | Noticed an ogre
   860 | D:1      | Reached skill level 4 in Fighting
   908 | D:1      | Reached XP level 3. HP: 33/33 MP: 2/2
  1016 | D:2      | Reached skill level 4 in Long Blades
  1099 | D:2      | Reached skill level 2 in Dodging
  1166 | D:2      | XOM: harmless Erth miscast
  1264 | D:2      | Noticed Robin
  1272 | D:2      | Killed Robin
  1272 | D:2      | Reached XP level 4. HP: 35/40 MP: 3/3
  1482 | D:2      | XOM: cloud trail
  1582 | D:3      | XOM: noise
  1660 | D:3      | XOM: confuse monster(s)
  1661 | D:3      | Reached skill level 3 in Dodging
  1661 | D:3      | Reached XP level 5. HP: 27/47 MP: 4/4
  1753 | D:3      | Noticed Grinder
  1753 | D:3      | XOM: summons friendly crimson imp
  1800 | D:3      | XOM: summons friendly white imp
  1801 | D:3      | XOM: confuse monster(s)
  1810 | D:3      | Killed Grinder
  1810 | D:3      | Reached skill level 5 in Fighting
  1810 | D:3      | Reached skill level 5 in Long Blades
  1810 | D:3      | Reached skill level 4 in Armour
  1810 | D:3      | Reached XP level 6. HP: 56/56 MP: 5/5
  2200 | D:4      | Reached skill level 4 in Dodging
  2228 | D:4      | XOM: summons 6 friendly demons
  2311 | D:4      | XOM: give mutations
  2311 | D:4      | Gained mutation: Your system is resistant to poisons. (rPois) [Xom's grace]
  2311 | D:4      | Gained mutation: You are covered in fur. (AC +1) [Xom's grace]
  2311 | D:4      | Gained mutation: You have large cloven feet. [Xom's grace]
  2311 | D:4      | Gained mutation: You are resistant to hostile enchantments. (MR+) [Xom's grace]
  2330 | D:4      | Noticed an orc warrior
  2353 | D:4      | Noticed an ice beast
  2361 | D:4      | Reached skill level 5 in Armour
  2369 | D:4      | Reached XP level 7. HP: 61/61 MP: 6/6
  2380 | D:4      | XOM: 1-stop teleportation journey
  2419 | D:4      | Reached skill level 6 in Fighting
  2421 | D:4      | Reached skill level 6 in Long Blades
  2421 | D:4      | Reached skill level 5 in Dodging
  2575 | D:4      | Reached skill level 6 in Armour
  2621 | D:4      | Reached XP level 8. HP: 63/71 MP: 7/7
  2750 | D:4      | XOM: mild Pois miscast
  2781 | D:4      | Noticed Sigmund
  2793 | D:4      | Killed Sigmund
  2940 | D:5      | Entered Level 5 of the Dungeon
  2958 | D:5      | Reached skill level 7 in Fighting
  3073 | D:5      | Noticed Dowan
  3074 | D:5      | Noticed Duvessa
  3083 | D:5      | Killed Duvessa
  3083 | D:5      | Reached skill level 7 in Long Blades
  3083 | D:5      | Reached skill level 7 in Armour
  3085 | D:5      | Killed Dowan
  3127 | D:5      | XOM: harmless Hex miscast
  3222 | D:5      | XOM: god gift: runed executioner's axe {god gift}
  3611 | D:5      | Found a runed door.
  3615 | D:5      | Noticed Crazy Yiuf
  3618 | D:5      | Killed Crazy Yiuf
  3651 | D:6      | Reached skill level 1 in Axes
  3651 | D:6      | Reached skill level 6 in Dodging
  3734 | D:6      | Learned a level 2 spell: Repel Missiles
  3828 | D:6      | XOM: 4-stop teleportation journey
  3830 | D:6      | Reached skill level 2 in Axes
  3961 | D:6      | XOM: blink monster(s)
  3962 | D:6      | Found a staircase to the Ecumenical Temple.
  3967 | D:6      | XOM: 1-stop teleportation journey
  3970 | D:6      | Reached skill level 3 in Axes
  3980 | D:6      | XOM: mild Chrm miscast
  4247 | D:6      | HP: 10/73 [orc warrior/long sword (10)]
  4279 | D:6      | HP: 15/73 [orc warrior/long sword (3)]
  4280 | D:6      | Slain by an orc warrior

Skill      XL: |  1  2  3  4  5  6  7  8 |
---------------+-------------------------+-----
Armour         | 3 4 5 6 7 |  7.3
Fighting       | 4 5 6 7 |  7.5
Long Blades    | 4 5 6 7 |  7.1
Dodging        | 2 3 4 5 6 |  6.1
Axes           | 3 |  3.4

Action                   |  1- 3 |  4- 6 |  7- 9 || total
-------------------------+-------+-------+-------++-------
Melee: Falchion          |    84 |   117 |    76 ||   277
       Headbutt          |    16 |    17 |    32 ||    65
       Kick              |       |     1 |    39 ||    40
       Executioner's axe |       |       |    51 ||    51
       Great sword       |       |       |     6 ||     6
 Cast: Repel Missiles    |       |       |     1 ||     1
Evoke: Wand              |       |       |     4 ||     4
  Use: Potion            |     1 |     2 |     1 ||     4
 Stab: Confused          |       |     2 |       ||     2
       Sleeping          |       |       |     1 ||     1
  Eat: Chunk             |     1 |     4 |     6 ||    11
Armor: Leather armour    |    27 |    37 |    31 ||    95
Dodge: Dodged            |    69 |    70 |   106 ||   245
       Rpst.: Falchion   |    15 |    14 |    12 ||    41
       Great sword       |       |       |     2 ||     2

Vault maps used:
D:1:      erik_arrival_cave_to_civilisation
D:2:      uniq_robin
D:3:      minmay_misc_feat_cross, roderic_roman_lattice, item_on_display_a,
          uniq_grinder
D:4:      first_bread, minmay_joined_circles, uniq_sigmund
D:5:      uniq_duvessa, uniq_crazy_yiuf_cottage
D:6:      kennysheep_orc_sif_temple

Table legend:
 A = Turns spent in this place as a percentage of turns spent in the entire game.
 B = Non-inter-level travel turns spent in this place as a percentage of non-inter-level travel turns spent in the entire game.
 C = Inter-level travel turns spent in this place as a percentage of turns spent in this place.
 D = Turns resting spent in this place as a percentage of non-inter-level travel turns spent in this place.
 E = Turns spent auto-exploring this place as a percentage of non-inter-level travel turns spent in this place.
 F = Non-inter-level travel turns spent in this place divided by the number of levels of this place that you've seen.
                   A       B       C       D       E      F
               +-------+-------+-------+-------+-------+----------------------
         Total | 100.0 | 100.0 |   0.5 |   0.3 |  10.8 | 212.2
       Dungeon | 100.0 | 100.0 |   0.5 |   0.3 |  10.8 | 212.2
               +-------+-------+-------+-------+-------+----------------------

Table legend:
 A = Kills in this place as a percentage of kills in entire the game.
 B = Kills by you in this place as a percentage of kills by you in the entire game.
 C = Kills by friends in this place as a percentage of kills by friends in the entire game.
 D = Other kills in this place as a percentage of other kills in the entire game.
 E = Experience gained in this place as a percentage of experience gained in the entire game.
 F = Experience gained in this place divided by the number of levels of this place that you have seen.
                   A       B       C       D       E      F
               +-------+-------+-------+-------+-------+----------------------
         Total | 100.0 | 100.0 | 100.0 |  -nan | 100.0 | 436.5
       Dungeon | 100.0 | 100.0 | 100.0 |  -nan | 100.0 | 436.5
               +-------+-------+-------+-------+-------+----------------------
